 Dungeon Crawl Stone Soup version 0.31-a0-102-g33a4ccc0cb (webtiles) character file.

Game seed: 12858107547809075293

58 marky1606 the Ruffian (level 3, 0/29 HPs)
             Began as a Demonspawn Chaos Knight on May 26, 2023.
             Was a Plaything of Xom.
             Slain by an iguana (11 damage)
             ... on level 3 of the Dungeon.
             The game lasted 00:11:10 (2046 turns).

marky1606 the Ruffian (Demonspawn Chaos Knight)     Turns: 2046, Time: 00:11:11

Health: 0/29       AC:  7    Str: 14    XL:     3   Next: 76%
Magic:  3/3        EV: 11    Int: 13    God:    Xom [....*.]
Gold:   78         SH:  0    Dex: 12    Spells: 2/2 levels left

rFire   . .          .
                       - Unarmed
rCold   . . .        (no shield)
rNeg    . . .        a - +2 leather armour
rPois   .            (no helmet)
rElec   .            (no cloak)
rCorr   .            (no gloves)
SInv    .            (no boots)
Will    .....        (no amulet)
Stlth   +            (no ring)
HPRegen 0.24/turn    (no ring)
MPRegen 0.08/turn

%: no passive effects
@: no status effects
A: thin metallic scales 1, powered by death 1
a: Renounce Religion


You were on level 3 of the Dungeon.
You worshipped Xom.
You were a beloved toy of Xom.
You visited 1 branch of the dungeon, and saw 3 of its levels.

You collected 78 gold pieces.

Inventory:

Hand Weapons
 h - a +1 vampiric dagger
Armour
 a - a +2 leather armour (worn)
Scrolls
 f - 2 scrolls of identify {unknown}
 i - a scroll of magic mapping {unknown}
 j - a scroll of torment {unknown}
Potions
 c - 2 potions of degeneration {unknown}
 d - a potion of heal wounds {unknown}
 e - 2 potions of lignification {unknown}
 g - 3 potions of invisibility {unknown}
 k - a potion of might {unknown}
Miscellaneous
 b - a piece from Xom's chessboard (15/15) (quivered)


   Skills:
 + Level 3.4 Fighting
 + Level 2.1 Armour
 * Level 1.4 Dodging
 * Level 3.6 Unarmed Combat


You had 2 spell levels left.
You didn't know any spells.
Your spell library contained the following spells:

 Spells                   Type           Power      Damage    Failure   Level
 Freeze                   Ice            0%         1d3       36%         1
 Frozen Ramparts          Ice            0%         1d1       75%         3
 Hailstorm                Conj/Ice       0%         3d3       75%         3


Dungeon Overview and Level Annotations

Branches:
Dungeon (3/15)

Altars:

Shops:
D:1 [


Innate Abilities, Weirdness & Mutations

You are partially covered in thin metallic scales. (AC +2)
You regenerate a little health from kills.


Message History

The helpless iguana fails to defend itself.
You hit the iguana.
The iguana is lightly wounded.
The helpless iguana fails to defend itself.
You hit the iguana but do no damage.
The helpless iguana fails to defend itself.
You hit the iguana but do no damage.
The helpless iguana fails to defend itself.
You hit the iguana.
The iguana is moderately wounded.
Your butterfly degenerates into a cloud of primal chaos!
The helpless iguana fails to defend itself.
You hit the iguana.
The iguana is heavily wounded.
The iguana is no longer paralysed.
Your butterfly is engulfed in seething chaos.
Your butterfly suddenly seems more resistant.
The iguana bites you!
You barely miss the iguana.
The iguana is heavily wounded.
Your butterfly is engulfed in seething chaos.
Your butterfly suddenly seems more agile.
The iguana bites you but does no damage.
You hit the iguana but do no damage.
The iguana is heavily wounded.
Your butterfly is engulfed in seething chaos.
Your butterfly is moving more slowly.
Xom is amused.
The iguana bites you but does no damage.
You hit the iguana but do no damage.
The iguana is heavily wounded.
You hit the iguana.
The iguana is heavily wounded.
The iguana bites you.
A frilled lizard comes into view.
You hit the iguana.
The iguana is severely wounded.
Your butterfly stops moving altogether!
The iguana bites you!
You die...

#................
#......#........
#...#.<.....####.
#....l..#........
#....##..#.#.#####
+.8..##..#.#.#
#..8 #...#...#
#8.P #.....###
...# #.b.@.# ...
##P..l#######.
#............
#............
######.....#.
.#...# .#..... .#
#### ..


You could see an iguana and a frilled lizard.

Vanquished Creatures
  A gnoll (D:2)
  An adder (D:2)
  An orc (D:3)
  2 ball pythons
  3 endoplasms (D:1)
  A giant cockroach (D:1)
  4 goblins (D:1)
  3 hobgoblins
  3 jackals (D:1)
  5 kobolds
  A ball python skeleton (D:3)
  5 bats
  3 frilled lizards (D:1)
  3 rats (D:1)
36 creatures vanquished.

Notes
Turn   | Place    | Note
-------+----------+-------------------------------------------
     0 | D:1      | marky1606 the Demonspawn Chaos Knight began the quest for
                  | the Orb.
     0 | D:1      | Reached XP level 1. HP: 18/18 MP: 1/1
    11 | D:1      | XOM: potion effect (invisibility)
    68 | D:1      | XOM: divination: detect items
    76 | D:1      | Gained mutation: You regenerate a little health from kills.
                  | [demonic ancestry]
    76 | D:1      | Reached XP level 2. HP: 24/24 MP: 2/2
   125 | D:1      | Reached skill level 1 in Dodging
   276 | D:1      | XOM: swap monsters
   479 | D:1      | Found Dupeasuts's Antique Armour Shoppe.
   575 | D:2      | XOM: polymorph ball python -> gnoll
   583 | D:2      | Gained mutation: You are partially covered in thin metallic
                  | scales. (AC +2) [demonic ancestry]
   583 | D:2      | Reached XP level 3. HP: 21/29 MP: 3/3
   848 | D:2      | HP: 1/29 [poisoned by an adder]
  1295 | D:2      | XOM: summons 2 hostile demons
  1434 | D:2      | XOM: polymorph adder -> ball python
  1529 | D:2      | Found a faded altar of an unknown god.
  1709 | D:2      | XOM: 11-stop teleportation journey
  1858 | D:2      | XOM: god gift: emerald potion {god gift}
  1907 | D:2      | XOM: noise
  2025 | D:3      | XOM: butterfly on damage
  2029 | D:3      | XOM: enchant monster (good)
  2046 | D:3      | Slain by an iguana

Illustrated notes

Levels and vault maps discovered:
D:1:      heliophobic_arrival_henge, layout_basic, serial_shops,
          nicolae_shop_tiny_real_fake_doors, nicolae_titane
D:2:      layout_basic, nicolae_ecumenical_lake_church
D:3:      kennysheep_goblin_castle, layout_basic, minitemple, serial_undead,
          serial_undead_a, serial_undead_c, serial_undead_b, serial_undead_e,
          serial_undead_d, serial_undead_d, serial_undead_b, serial_undead_d,
          serial_undead_c, serial_undead_b, serial_shops, shop, shop,
          nicolae_shop_rolling_square, nicolae_shop_bloodbath_and_beyond, shop

Skill      XL: |  1  2 |
---------------+-------+-----
Dodging        | 1 |  1.4
Unarmed Combat | 3 |  3.6
Armour         | 2 |  2.1
Fighting       | |  3.4

Action                     || total
---------------------------++-------
  Melee: Unarmed           ||   170
         Punch             ||     1
    Use: Potion            ||     1
   Stab: Invisible         ||     4
         Confused          ||     1
         Sleeping          ||     1
         Paralysed         ||     5
 Armour: Leather armour    ||    64
  Dodge: Dodged            ||    78

Table legend: (Time is in decaauts)
 A = Elapsed time spent in this place.
 B = Non-inter-level travel time spent in this place.
 C = Inter-level travel time spent in this place.
 D = Time resting spent in this place.
 E = Time spent auto-exploring this place.
 F = Levels seen in this place.
 G = Mean time per level.
                   A        B        C        D        E       F      G
               +--------+--------+--------+--------+--------+-----+--------+
         Total |   2037 |   2037 |      0 |    678 |      0 |   3 |  679.0 |
       Dungeon |   2037 |   2037 |      0 |    678 |      0 |   3 |  679.0 |
               +--------+--------+--------+--------+--------+-----+--------+

Top non-repeatable levels by time:
     D:2: 1457 daAuts
     D:1: 531 daAuts
     D:3: 48 daAuts
